 Dungeon Crawl Stone Soup version 0.28.0-43-g3370ac3207 (webtiles) character file.

Game seed: 6213698487435102799

67 demenzo the Cudgeller (level 4, 0/29 HPs)
             Began as a Gargoyle Cinder Acolyte on Mar 14, 2022.
             Was a High Priest of Ignis.
             Slain by an adder (4 damage)
             ... on level 1 of the Dungeon.
             The game lasted 00:01:51 (2326 turns).

demenzo the Cudgeller (Gargoyle Cinder Acolyte)     Turns: 2326, Time: 00:01:51

Health: 0/29       AC:  5    Str: 19    XL:     4   Next: 18%
Magic:  5/5        EV: 11    Int: 15    God:    Ignis [*****.]
Gold:   42         SH:  0    Dex:  5    Spells: 5/5 levels left

rFire   + . .      SeeInvis .   a - -1 mace (flame)
rCold   . . .      Faith    .   (no shield)
rNeg    + . .      Spirit   .   b - +0 robe
rPois   ∞          Reflect  .   (no helmet)
rElec   +          Harm     .   (no cloak)
rCorr   .          Rampage  .   (no gloves)
Will    .....                   (no boots)
Stlth   +.........              (no amulet)
HPRegen 0.09/turn               (no ring)
MPRegen 0.09/turn               (no ring)

@: no status effects
A: sickness immunity, AC +3, negative energy resistance 1, electricity
resistance, torment resistance 1, petrification resistance
a: Renounce Religion, Fiery Armour, Foxfire Swarm, Rising Flame


You were on level 1 of the Dungeon.
You worshipped Ignis.
Ignis was extremely pleased with you.
You visited 1 branch of the dungeon, and saw 2 of its levels.

You collected 42 gold pieces.

Inventory:

Hand Weapons
 a - a -1 mace of flaming (weapon)
 k - a +0 hunting sling
Missiles
 e - 3 poisoned darts (quivered)
 f - 13 sling bullets
 j - 32 stones
 l - 28 bolts
Armour
 b - a +0 robe (worn)
Scrolls
 d - a scroll of amnesia {unknown}
 h - a scroll of enchant armour {unknown}
Potions
 c - a potion of mutation {unknown}
 g - a potion of lignification {unknown}
 i - a potion of might {unknown}
 m - a potion of brilliance {unknown}


   Skills:
 + Level 3.9 Fighting
 * Level 4.0 Maces & Flails
 + Level 1.7 Armour
 - Level 1.0 Spellcasting
 - Level 3.0 Fire Magic


You had 5 spell levels left.
You didn't know any spells.
Your spell library contained the following spells:

 Spells                   Type           Power      Damage    Failure   Level
 Scorch                   Fire           18%        2d6       11%         2


Dungeon Overview and Level Annotations

Branches:
Dungeon (2/15)

Altars:
Vehumet

Annotations:
D:2 Jessica


Innate Abilities, Weirdness & Mutations

You are immune to sickness and miasma.
Your stone body is resilient. (AC +3)
You are immune to poison.
You resist negative energy. (rN+)
You are resistant to electric shocks. (rElec)
You are resistant to unholy torment.
You are immune to petrification.


Message History

The hobgoblin is moderately wounded.
Your transformation is almost over.
The hobgoblin closely misses you.
You hit the hobgoblin but do no damage.
The hobgoblin is moderately wounded.
The hobgoblin hits you.
You hit the hobgoblin.
The hobgoblin is heavily wounded.
The hobgoblin hits you.
You barely miss the hobgoblin.
The hobgoblin is heavily wounded.
The hobgoblin barely misses you.
Unknown command.
Unknown command.
Jessica gestures wildly while chanting.
Jessica blinks!
You feel less porcine.
Your -1 mace of flaming unmelds from your body.
Your +0 robe unmelds from your body.
Your -1 mace of flaming bursts into flame!
An adder comes into view.
The adder hisses angrily.
The adder misses you. The adder bites you but does no damage.
There is a stone staircase leading up here.
The adder bites you but does no damage. The adder closely misses you.
You climb upwards.
There is a stone staircase leading down here.
You closely miss the adder. The adder closely misses you.
You closely miss the adder. The adder closely misses you. x2
You miss the adder. The adder bites you.
You barely miss the adder. The adder misses you. The adder bites you.
* * * LOW HITPOINT WARNING * * *
You miss the adder. The adder bites you but does no damage.
You closely miss the adder. The adder barely misses you.
The adder bites you but does no damage.
You hit the adder but do no damage. The adder misses you. The adder bites you.
* * * LOW HITPOINT WARNING * * *
You barely miss the adder. The adder bites you.
You die...

.....##.#...#....##...........#.#
.................................
8...8.#.#...##...#.#.#.###.#..###
.....8...........#.#.#.###.......
......#.#...##..........##.#..##.
.....8......##...#.#.#..##.#..##.
......#.#...............##.#..##.
.....8#.#...##...#.#.#..##.#..##.
......#.#......S@................
_....##.##..###..#.#.#..##.#..##.
#######..........#.#.#..##.#..##.
#..#####..####.#.#.#..##.#..##.
#..# #..# #.#.#.#..##....... #..#
#..####.#.#.#..##.#..##. #.##
#....................... #.#
##.#.##.#.###...###..### #.#
#.#.##.#.# #...###..#


You could see an adder.

Vanquished Creatures
  An iguana (D:2)
  An adder (D:2)
  A worm (D:2)
  A dart slug (D:1)
  5 endoplasms
  2 giant cockroaches (D:1)
  2 hobgoblins (D:1)
  A quokka (D:2)
  6 ball pythons
  A frilled lizard (D:1)
  2 goblins
  2 kobolds (D:1)
  3 rats
28 creatures vanquished.

Notes
Turn   | Place    | Note
-------+----------+-------------------------------------------
     0 | D:1      | demenzo the Gargoyle Cinder Acolyte began the quest for the
                  | Orb.
     0 | D:1      | Reached XP level 1. HP: 14/14 MP: 2/2
   460 | D:1      | Reached XP level 2. HP: 18/19 MP: 3/3
   646 | D:1      | Found a faded altar of an unknown god.
   907 | D:1      | Reached skill level 1 in Armour
  1596 | D:2      | Reached XP level 3. HP: 19/23 MP: 4/4
  1669 | D:2      | Found a radiant altar of Vehumet.
  1974 | D:2      | Reached skill level 4 in Maces & Flails
  1974 | D:2      | Reached XP level 4. HP: 12/29 MP: 5/5
  2269 | D:2      | Noticed Jessica
  2326 | D:1      | Slain by an adder

Illustrated notes

Levels and vault maps discovered:
D:1:      grunt_arrival_crossed_arrows, layout_basic,
          shapermc_ecumenical_altar_pompeii
D:2:      layout_loops_cross, basic_altar, minmay_increasing_density,
          uniq_jessica, uniq_terence

Skill      XL: |  1  2  3 |
---------------+----------+-----
Armour         | 1 |  1.7
Maces & Flails | 4 |  4.0
Fighting       | |  3.9
Spellcasting   | |  1.0
Fire Magic     | |  3.0

Action                   |  1- 3 |  4- 6 || total
-------------------------+-------+-------++-------
Melee: Mace              |    96 |    15 ||   111
       Punch             |     2 |       ||     2
       Unarmed           |       |    11 ||    11
Invok: Fiery Armour      |     1 |       ||     1
Armor: Robe              |    29 |     6 ||    35
Dodge: Dodged            |    68 |    17 ||    85
